 Dungeon Crawl Stone Soup version 0.22-a0-388-g09e6169 (webtiles) character file.

55785 Kairos the Basher (level 14, -3/76 HPs)
             Began as a Vine Stalker Fighter on Apr 29, 2018.
             Was a High Priest of Okawaru.
             Slain by a black mamba (7 damage)
             ... on level 1 of the Snake Pit.
             The game lasted 00:44:39 (15974 turns).

Kairos the Basher (Vine Stalker Fighter)           Turns: 15974, Time: 00:44:40

Health: -3/76      AC: 17    Str: 22    XL:     14   Next: 78%
Magic:  0/17       EV: 18    Int:  8    God:    Okawaru [*****.]
Gold:   1184       SH: 14    Dex: 13    Spells: 13/13 levels left

rFire    + + .     SeeInvis .   X - +5 morningstar (drain)
rCold    + . .     Gourm    .   c - +0 shield
rNeg     . . .     Faith    .   D - +1 ring mail {rC+}
rPois    .         Spirit   +   (no helmet)
rElec    .         Reflect  .   (no cloak)
rCorr    .         Harm     .   W - +1 pair of gloves {archery}
MR       +....     Clarity  +   P - +4 pair of boots "Uptaosuretz" {rF++ Dex-3}
Stlth    ++++......             l - amulet of rage
HPRegen  1.02/turn              (no ring)
MPRegen  0.15/turn              (no ring)

@: about to teleport, heroism, drained
A: claws 1, fangs 3, clarity, regeneration 2, magic shield, antimagic bite, no
potion heal 3, rot immunity, MP-powered wands
a: Heroism, Finesse, Renounce Religion, Evoke Berserk Rage


You were on level 1 of the Snake Pit.
You worshipped Okawaru.
Okawaru was extremely pleased with you.
You were not hungry.

You visited 4 branches of the dungeon, and saw 18 of its levels.

You collected 1184 gold pieces.

Inventory:

Hand Weapons
 a - a cursed -1 war axe
 b - a +0 broad axe
 e - a +4 whip of electrocution
 t - a +3 flail of protection
 J - a +0 flail of holy wrath
 X - a +5 morningstar of draining (weapon)
Missiles
 o - 5 exploding tomahawks (quivered)
 E - 7 steel javelins
Armour
 c - a +0 shield (worn)
 D - a +1 ring mail of cold resistance (worn)
 P - the +4 pair of boots "Uptaosuretz" (worn) {rF++ Dex-3}
   (Okawaru gifted it to you on level 2 of the Lair of Beasts)

   It affects your dexterity (-3).
   It greatly protects you from fire.
 W - a +1 pair of gloves of archery (worn)
Jewellery
 l - an amulet of rage (around neck)
 s - an uncursed amulet of the acrobat
Wands
 m - a wand of clouds (4)
 u - a wand of flame (21)
 L - a wand of digging (15)
 O - a wand of scattershot (4)
 V - a wand of paralysis (13)
 Y - a wand of acid (5)
Scrolls
 j - 2 scrolls of remove curse
 k - 8 scrolls of teleportation
 n - 2 scrolls of amnesia
 p - 3 scrolls of magic mapping
 w - 4 scrolls of fog
 y - 4 scrolls of immolation
 F - a scroll of summoning {unknown}
 H - a scroll of random uselessness {unknown}
 K - a scroll of blinking {unknown}
 N - a scroll of holy word {unknown}
 R - 3 scrolls of enchant armour {unknown}
 U - a scroll of torment {unknown}
Potions
 d - a potion of might
 g - 7 potions of flight
 h - 2 potions of magic
 q - a potion of mutation
 r - 3 potions of brilliance
 z - 2 potions of ambrosia
 A - 2 potions of berserk rage
 C - 2 potions of curing
 G - 3 potions of agility {unknown}
 M - a potion of lignification {unknown}
 Q - a potion of invisibility {unknown}
 S - 3 potions of degeneration {unknown}
Miscellaneous
 T - a lightning rod (4/4)
Comestibles
 f - 32 rations


   Skills:
 + Level 9.7(14.6) Fighting
 + Level 5.3(14.6) Axes
 + Level 12.2(17.5) Maces & Flails
 + Level 0.4(5.3) Throwing
 + Level 8.5(13.5) Armour
 + Level 6.8(11.7) Dodging
 + Level 7.6(12.5) Stealth
 + Level 11.1(16.0) Shields
 + Level 3.2(3.1) Invocations
 + Level 2.5 Evocations


You had 13 spell levels left.
You didn't know any spells.

Dungeon Overview and Level Annotations

Branches:
Dungeon (10/15)            Temple (1/1) D:7            Lair (6/6) D:10
  Swamp (0/4) Lair:3        Snake (1/4) Lair:3        Slime (0/5) Lair:5
    Orc (0/2) D:10

Altars:
Ashenzari
Cheibriados
Dithmenos
Fedhas
Kikubaaqudgha
Makhleb
Nemelex Xobeh
Okawaru
Qazlal
Ru
Trog
Uskayaw
Vehumet
Wu Jian
Xom
Yredelemnul
Zin
The Shining One
Beogh
Jiyva

Shops:
D:7 [

Annotations:
Lair:5 1 runed door
Snake:1 Louise


Innate Abilities, Weirdness & Mutations

You have razor-sharp teeth.
You heal very quickly.
When hurt, damage is shared between your health and your magic reserves.
Your bite disrupts and absorbs the magic of your enemies.
Potions cannot restore your health.
You are immune to rotting.
You have sharp fingernails.
You possess an exceptional clarity of mind.
You expend magic power (3 MP) to strengthen your wands.


Message History

The black mamba poisons you!
You closely miss the black mamba. You bite the black mamba.
You drain its power.
You feel invigorated.
The black mamba is severely wounded.
You feel sick. The black mamba barely misses you. The black mamba bites you!
* * * LOW HITPOINT WARNING * * *
You are more poisoned.
The black mamba poisons you!
It was a potion of curing.
Your system rejects the healing.
You feel better. The black mamba misses you.
The black mamba bites you but does no damage.
The black mamba bites you!
* * * LOW HITPOINT WARNING * * *
The black mamba bites you but does no damage.
Okay, then.
The black mamba misses you. You block the black mamba's attack.
As you read the scroll of teleportation, it crumbles to dust.
You feel strangely unstable. The black mamba barely misses you.
The black mamba bites you!
You die...

##.......... ...........## #.#
....#....................###.###
...#..##.....#..##........#.#..#
.....## ##..#...####........#..##
.S.....## .....#######...#.....#
.......... #...........####.....
........... #..........####......
#...........#............#....###
...............S@.......)...###
...............S.......#..## ..
....#...........##..## ..
##..........##...###
##....[...####....# ##.......#
#.#### ##......# ### #.....##
#.#..##


You could see 2 black mambas.

Vanquished Creatures
  Rupert (Snake:1)
  4 hydras
  3 catoblepae (Lair:6)
  4 anacondas (Snake:1)
  3 two-headed ogres (D:8)
  4 death yaks (Lair:6)
  An ugly thing (D:8)
  2 mana vipers (Snake:1)
  2 manticores (Lair:6)
  20 elephants
  11 black mambas
  A naga mage (Snake:1)
  14 spiny frogs
  3 rime drakes
  A gargoyle (D:10)
  2 komodo dragons
  A queen bee (Lair:3)
  A polar bear (Lair:6)
  2 trolls (D:9)
  A hornet (D:9)
  Prince Ribbit (D:5)
  17 blink frogs
  13 hippogriffs
  A slime creature (D:8)
  4 wyverns
  Eustachio (D:5)
  44 yaks
  A hungry ghost (D:10)
  2 basilisks (Lair:4)
  3 nagas (Snake:1)
  3 wargs (D:10)
  4 porcupines
  13 water moccasins
  An orc warrior (D:9)
  A sky beast (D:9)
  2 ice beasts
  A phantom (D:5)
  2 necrophages (D:9)
  3 black bears
  4 wolves (Lair:1)
  3 ogres
  3 centaurs
  13 crocodiles
  Blork the orc (D:4)
  11 bullfrogs
  A wyvern skeleton (D:7)
  29 killer bees
  5 wights
  2 howler monkeys
  An electric eel (Lair:4)
  3 crimson imps
  A centaur zombie (D:10)
  A bullfrog zombie (D:5)
  7 hounds
  A quasit (D:10)
  3 gnoll shamans
  5 orc priests
  A bullfrog skeleton (D:8)
  Natasha (D:4)
  3 iguanas
  9 orc wizards
  12 worker ants
  A hound skeleton (D:8)
  A howler monkey zombie (D:5)
  2 worker ant zombies
  24 gnolls
  12 adders
  3 shadow imps
  An ooze (D:3)
  An adder zombie (D:5)
  An adder skeleton (D:5)
  5 worms
  3 dart slugs
  7 leopard geckos
  36 orcs
  13 bats
  3 giant cockroaches
  8 goblins
  12 hobgoblins
  11 jackals
  9 kobolds
  4 quokkas
  7 frilled lizards
  A quokka skeleton (D:5)
  9 rats
492 creatures vanquished.

Vanquished Creatures (others)
  An orc wizard (D:7)
  5 fungi
  7 plants
13 creatures vanquished.

Grand Total: 505 creatures vanquished

Notes
Turn   | Place    | Note
-------+----------+-------------------------------------------
     0 | D:1      | Kairos the Vine Stalker Fighter began the quest for the Orb.
     0 | D:1      | Reached XP level 1. HP: 11/11 MP: 2/2
    50 | D:1      | Reached XP level 2. HP: 14/16 MP: 1/3
   183 | D:1      | Reached XP level 3. HP: 13/20 MP: 4/4
   831 | D:2      | Gained mutation: Your natural rate of healing is unusually fast. [Vine Stalker growth]
   831 | D:2      | Reached XP level 4. HP: 24/24 MP: 5/5
  1361 | D:3      | Reached skill level 1 in Maces & Flails
  1367 | D:3      | Reached skill level 1 in Dodging
  1367 | D:3      | Reached XP level 5. HP: 26/28 MP: 6/6
  1546 | D:3      | Found a shimmering altar of Xom.
  1653 | D:3      | Reached skill level 2 in Maces & Flails
  1797 | D:4      | Reached XP level 6. HP: 30/32 MP: 7/7
  2057 | D:4      | Noticed Natasha
  2064 | D:4      | Killed Natasha
  2206 | D:4      | Reached skill level 3 in Maces & Flails
  2252 | D:4      | Noticed Blork the orc
  2261 | D:4      | Killed Blork the orc
  2333 | D:4      | Noticed a black bear
  2342 | D:4      | Killed a black bear
  2342 | D:4      | Reached XP level 7. HP: 37/37 MP: 8/8
  2669 | D:5      | Entered Level 5 of the Dungeon
  2741 | D:5      | Reached skill level 4 in Maces & Flails
  2959 | D:5      | Noticed Prince Ribbit
  2979 | D:5      | Killed Prince Ribbit
  2979 | D:5      | Gained mutation: You have razor-sharp teeth. [Vine Stalker growth]
  2979 | D:5      | Reached XP level 8. HP: 39/42 MP: 9/9
  3061 | D:5      | Reached skill level 5 in Maces & Flails
  3078 | D:5      | Noticed Eustachio
  3098 | D:5      | Killed Eustachio
  3102 | D:5      | Reached skill level 5 in Shields
  3302 | D:5      | Found a sacrificial altar of Ru.
  3525 | D:5      | Reached skill level 1 in Stealth
  3722 | D:6      | Reached skill level 1 in Evocations
  3722 | D:6      | Reached XP level 9. HP: 45/45 MP: 10/10
  3740 | D:6      | Found a sparkling altar of Nemelex Xobeh.
  3854 | D:6      | Reached skill level 6 in Maces & Flails
  4452 | D:7      | Found Xynnigh's Antique Armour Boutique.
  4485 | D:7      | Found a staircase to the Ecumenical Temple.
  4528 | Temple   | Entered the Ecumenical Temple
  4542 | Temple   | Became a worshipper of Warmaster Okawaru
  4699 | D:7      | Reached skill level 5 in Armour
  4817 | D:7      | Found a bloodstained altar of Trog.
  4818 | D:7      | Found a stormy altar of Qazlal.
  4818 | D:7      | Found a shattered altar of Ashenzari.
  4818 | D:7      | Found a glowing silver altar of Zin.
  4822 | D:7      | Found an ornate altar of the Wu Jian Council.
  4823 | D:7      | Found a burning altar of Makhleb.
  5303 | D:8      | Reached * piety under Okawaru
  5336 | D:8      | Reached skill level 5 in Fighting
  5336 | D:8      | Reached skill level 7 in Maces & Flails
  5500 | D:8      | Noticed a two-headed ogre
  5509 | D:8      | Killed a two-headed ogre
  5509 | D:8      | Reached ** piety under Okawaru
  5509 | D:8      | Reached XP level 10. HP: 7/51 MP: 5/11
  5773 | D:8      | Noticed a two-headed ogre
  5781 | D:8      | Killed a two-headed ogre
  5781 | D:8      | Reached skill level 8 in Maces & Flails
  5888 | D:8      | Noticed a two-headed ogre
  5895 | D:8      | Killed a two-headed ogre
  5895 | D:8      | Reached *** piety under Okawaru
  6214 | D:8      | Noticed a cyan ugly thing
  6487 | D:8      | Found a blossoming altar of Fedhas.
  6574 | D:8      | Killed a cyan ugly thing
  6574 | D:8      | Reached XP level 11. HP: 56/56 MP: 13/13
  6710 | D:9      | Reached skill level 9 in Maces & Flails
  6903 | D:9      | Reached **** piety under Okawaru
  7027 | D:9      | Found a snail-covered altar of Cheibriados.
  7027 | D:9      | Found a glowing golden altar of the Shining One.
  7140 | D:9      | Reached skill level 5 in Stealth
  7326 | D:9      | You fall through a shaft!
  7326 | D:10     | Entered Level 10 of the Dungeon
  7415 | D:10     | Found a staircase to the Lair.
  7433 | D:10     | Found a staircase to the Orcish Mines.
  7951 | D:10     | Found a roughly hewn altar of Beogh.
  8533 | Lair:1   | Entered Level 1 of the Lair of Beasts
  8554 | Lair:1   | Reached ***** piety under Okawaru
  9262 | Lair:1   | Reached skill level 10 in Maces & Flails
  9681 | Lair:2   | Received a gift from Okawaru
  9689 | Lair:2   | Gained mutation: You heal very quickly. [Vine Stalker growth]
  9689 | Lair:2   | Reached XP level 12. HP: 37/62 MP: 9/14
  9692 | Lair:2   | Got a pair of smoking boots {god gift}
  9703 | Lair:2   | Identified the +4 pair of boots "Uptaosuretz" {rF++ Dex-3} (Okawaru gifted it to you on level 2 of the Lair of Beasts)
  9959 | Lair:2   | Noticed a five-headed hydra
  9969 | Lair:2   | Killed a five-headed hydra
 10363 | Lair:3   | Noticed a seven-headed hydra
 10595 | Lair:3   | Found a staircase to the Swamp.
 10599 | Lair:3   | Killed a seven-headed hydra
 10599 | Lair:3   | Reached skill level 5 in Dodging
 10599 | Lair:3   | Reached skill level 1 in Invocations
 10799 | Lair:3   | Found a staircase to the Snake Pit.
 11069 | Lair:3   | Received a gift from Okawaru
 11069 | Lair:3   | Reached skill level 11 in Maces & Flails
 11520 | Lair:4   | Reached XP level 13. HP: 54/68 MP: 15/15
 11579 | Lair:4   | Received a gift from Okawaru
 12138 | Lair:4   | Found a basalt altar of Yredelemnul.
 12272 | Lair:4   | Reached skill level 5 in Axes
 13150 | Lair:5   | Found a runed door.
 13152 | Lair:5   | Found a viscous altar of Jiyva.
 13158 | Lair:5   | Found a staircase to the Slime Pits.
 13479 | Lair:5   | Reached skill level 10 in Shields
 13743 | Lair:6   | Entered Level 6 of the Lair of Beasts
 13863 | Lair:6   | Received a gift from Okawaru
 14077 | Lair:6   | Reached XP level 14. HP: 60/75 MP: 14/16
 14976 | Lair:6   | Received a gift from Okawaru
 15363 | Lair:2   | Gained mutation: You are partially covered in large bone plates. (SH +4) [potion of mutation]
 15363 | Lair:2   | Gained mutation: You expend magic power (3 MP) to strengthen your wands. [potion of mutation]
 15364 | Lair:2   | Lost mutation: You expend magic power (3 MP) to strengthen your wands. [potion of mutation]
 15364 | Lair:2   | Lost mutation: You are partially covered in large bone plates. (SH +4) [potion of mutation]
 15364 | Lair:2   | Gained mutation: You expend magic power (3 MP) to strengthen your wands. [potion of mutation]
 15364 | Lair:2   | Gained mutation: You possess an exceptional clarity of mind. [potion of mutation]
 15364 | Lair:2   | Gained mutation: You have sharp fingernails. [potion of mutation]
 15389 | Snake:1  | Entered Level 1 of the Snake Pit
 15401 | Snake:1  | Reached skill level 12 in Maces & Flails
 15596 | Snake:1  | Noticed Rupert
 15606 | Snake:1  | Noticed Louise
 15729 | Snake:1  | Killed Rupert
 15972 | Snake:1  | HP: 2/76 [black mamba (4)]
 15974 | Snake:1  | Slain by a black mamba

Vault maps used:
D:1:      lightli_arrival_statue_moat, minmay_unequal
D:3:      xom_butterflies
D:4:      first_ration, uniq_blork_the_orc, uniq_natasha
D:5:      nicolae_overflow_hidden_temple, kennysheep_nub, uniq_prince_ribbit1,
          uniq_eustachio
D:6:      nemelex_xobeh_ov_fountains_minmay, minmay_misc_feat_room
D:7:      minitemple, minmay_temple_entry_nine_rooms, serial_shops, shop
D:8:      wad_arrow_thing, marbit_many_paths
D:9:      gammafunk_temple_overflow_wave
D:10:     erik_lair_orcish_takeover, minmay_orc_entry_temple_small
Temple:   eino_wide_crystal_templ
Lair:1:   serial_bayou_pond_d, infiniplex_staircase_pool_2
Lair:2:   lemuel_fruit_fields
Lair:3:   swamp_mist_pool, special_room
Lair:4:   basic_altar, grunt_forest_small_clearing_treed, serial_bayou_shore_b,
          serial_bayou_shore_b, grunt_megastairs_2
Lair:5:   slime_altar_2, minmay_holes, grunt_megastairs_1, serial_bayou_shore_b
Lair:6:   evilmike_catoblepas_cave, serial_bayou_pond_c,
          grunt_forest_small_clearings
Snake:1:  serial_bayou_pond_a, serial_bayou_pond_e, st_stairs_8, uniq_louise,
          uniq_rupert

Skill      XL: |  1  2  3  4  5  6  7  8  9 10 11 12 13 14 |
---------------+-------------------------------------------+-----
Shields        | 3 4 5 6 7 8 9 10 11 | 11.1
Axes           | 2 5 |  5.3
Fighting       | 3 4 5 6 8 9 |  9.7
Maces & Flails | 1 2 3 4 5 7 8 10 11 12 | 12.2
Dodging        | 1 2 3 4 5 6 |  6.8
Armour         | 3 4 5 6 7 8 |  8.5
Stealth        | 1 3 4 5 6 7 |  7.6
Evocations     | 1 2 |  2.5
Invocations    | 1 2 3 |  3.2
Throwing       | |  0.4

Action                   |  1- 3 |  4- 6 |  7- 9 | 10-12 | 13-15 || total
-------------------------+-------+-------+-------+-------+-------++-------
Melee: War axe           |    29 |       |       |       |       ||    29
       Bite              |    20 |    41 |    84 |   229 |   285 ||   659
       Whip              |    48 |   172 |   271 |   684 |   528 ||  1703
       Flail             |       |       |       |     5 |       ||     5
       Broad axe         |       |       |       |       |   137 ||   137
       Morningstar       |       |       |       |       |    73 ||    73
Throw: Tomahawk          |       |       |       |       |     3 ||     3
Invok: Heroism           |       |       |       |    14 |    16 ||    30
       Finesse           |       |       |       |       |     3 ||     3
 Abil: Evoke Berserk Rag |       |       |     2 |     2 |     3 ||     7
Evoke: Wand              |       |       |       |    12 |     3 ||    15
  Use: Scroll            |       |       |     8 |     7 |     7 ||    22
       Potion            |       |       |       |       |     3 ||     3
 Stab: Sleeping          |       |       |     3 |     6 |    10 ||    19
       Distracted        |       |       |       |     2 |     3 ||     5
  Eat: Chunk             |       |     5 |     9 |    17 |    13 ||    44
       Ration            |       |       |     1 |     2 |     1 ||     4
Armor: Scale mail        |    34 |    49 |    22 |       |       ||   105
       Ring mail         |       |       |    34 |   123 |   183 ||   340
Dodge: Dodged            |    17 |    45 |    71 |   194 |   265 ||   592
Block: Shield            |    49 |    84 |   106 |   328 |   351 ||   918

Table legend:
 A = Spawn XP
 B = Non-spawn XP
 C = Spawn XP percentage of total XP
 D = Spawn monster count
 E = Non-spawn monster count
 F = Spawn count percentage of total count
 G = Total turns spent on level
                    A         B        C        D         E        F      G
               +---------+---------+-------+---------+---------+-------+---------
         Total |       0 |   79693 |   0.0 |       0 |     493 |   0.0 | 15974
               +---------+---------+-------+---------+---------+-------+---------
           D:1 |       0 |      70 |   0.0 |       0 |      26 |   0.0 |   737
           D:2 |       0 |      63 |   0.0 |       0 |      28 |   0.0 |   586
           D:3 |       0 |     162 |   0.0 |       0 |      33 |   0.0 |   463
           D:4 |       0 |     473 |   0.0 |       0 |      18 |   0.0 |   883
           D:5 |       0 |    1187 |   0.0 |       0 |      31 |   0.0 |   856
           D:6 |       0 |     595 |   0.0 |       0 |      16 |   0.0 |   774
           D:7 |       0 |     865 |   0.0 |       0 |      24 |   0.0 |   951
           D:8 |       0 |    5893 |   0.0 |       0 |      49 |   0.0 |  1402
           D:9 |       0 |    2639 |   0.0 |       0 |      24 |   0.0 |   984
          D:10 |       0 |    1928 |   0.0 |       0 |      29 |   0.0 |   871
        Lair:1 |       0 |    2994 |   0.0 |       0 |      14 |   0.0 |  1082
        Lair:2 |       0 |    5112 |   0.0 |       0 |      17 |   0.0 |   811
        Lair:3 |       0 |    8921 |   0.0 |       0 |      46 |   0.0 |  1134
        Lair:4 |       0 |   11539 |   0.0 |       0 |      47 |   0.0 |  1426
        Lair:5 |       0 |    3589 |   0.0 |       0 |      12 |   0.0 |   870
        Lair:6 |       0 |   23535 |   0.0 |       0 |      65 |   0.0 |  1533
       Snake:1 |       0 |   10128 |   0.0 |       0 |      14 |   0.0 |   585
               +---------+---------+-------+---------+---------+-------+---------
